 Dungeon Crawl Stone Soup version 0.19.5 (webtiles) character file.

604 Gargoyl the Skirmisher (level 7, -12/60 HPs)
             Began as a Ghoul Abyssal Knight on Apr 3, 2017.
             Was a Believer of Lugonu.
             Killed from afar by Pikel (19 damage)
             ... with a wand of lightning
             ... on level 3 of the Dungeon.
             The game lasted 00:08:52 (3083 turns).

Gargoyl the Skirmisher (Ghoul Abyssal Knight)       Turns: 3083, Time: 00:08:53

Health: -12/60     AC: 10    Str: 15 (16) XL:     7   Next: 42%
Magic:  9/9        EV: 10    Int:  6 (7)  God:    Lugonu [**....]
Gold:   167        SH: 11    Dex: 14 (15) Spells: 0 memorised, 6 levels left

rFire  + . .     SeeInvis .     o - +7 whip
rCold  . . .     Gourm    .     s - +0 scale mail
rNeg   + + +     Faith    .     n - +0 large shield
rPois  ∞         Spirit   .     e - +2 helmet
rElec  .         Reflect  .     (no cloak)
rCorr  .         Harm     .     (no gloves)
MR     +....                    (no boots)
Stlth  +.........               (no amulet)
                                r - ring of protection from magic
                                g - ring of fire

@: agile, very slightly contaminated, rotting, hasted (expiring), very quick
A: rotting body, claws 1, carnivore 3, cold resistance 1, negative energy
resistance 3, slow regeneration 1, torment resistance, unbreathing
a: Depart the Abyss, Bend Space, Renounce Religion


You were on level 3 of the Dungeon.
You worshipped Lugonu.
Lugonu was pleased with you.
You were not hungry.

You visited 1 branch of the dungeon, and saw 4 of its levels.
You visited the Abyss 1 time.

You collected 167 gold pieces.

Inventory:

Hand Weapons
 a - a +1 hand axe
 o - a +7 whip (weapon)
Armour
 e - a +2 helmet (worn)
 n - a +0 large shield (worn)
 s - a +0 scale mail (worn)
Jewellery
 g - a ring of fire (left claw)
 r - a ring of protection from magic (right claw)
Scrolls
 b - a scroll of remove curse
 l - a scroll of identify
 p - a scroll of teleportation {unknown}
Potions
 j - 2 potions of agility
Books
 t - a book of Callings

   Spells                             Type                      Level
   a - Summon Small Mammal            Summoning                    1
   b - Call Imp                       Summoning                    2
   c - Call Canine Familiar           Summoning                    3
   d - Summon Guardian Golem          Hexes/Summoning              3
   e - Summon Lightning Spire         Summoning/Air                4
   f - Summon Ice Beast               Ice/Summoning                4
Comestibles
 c - a meat ration
 d - a slice of pizza
 f - a chunk of flesh
 k - 2 beef jerkies


   Skills:
 + Level 4.8 Fighting
 + Level 2.3(3.2) Axes
 + Level 3.3(3.7) Maces & Flails
 * Level 3.3 Armour
 + Level 2.3 Dodging
 + Level 0.8 Shields
 * Level 4.1 Invocations


You had 6 spell levels left.
You didn't know any spells.

Dungeon Overview and Level Annotations

Branches:
Dungeon (4/15)
 Temple: D:4-7

Altars:
Uskayaw

Annotations:
D:3 Pikel


Innate Abilities, Weirdness & Mutations

Your body is rotting away.
You thrive on raw meat.
You are immune to poison.
You have sharp fingernails.
You are carnivorous and can eat meat at any time.
Your flesh is cold resistant. (rC+)
You are immune to negative energy. (rN+++)
You regenerate slowly when monsters are visible.
You are immune to unholy pain and torment.
You can survive without breathing.


Message History

The bolt of lightning misses you.
You hit Pikel.
Pikel is severely wounded.
Your extra speed is starting to run out.
You hit Pikel.
Pikel is almost dead.
Pikel hits you with a whip of flaming!
* * * LOW HITPOINT WARNING * * *
Pikel burns you.
* * * LOW HITPOINT WARNING * * *
Unknown command.
Unknown command.
You hit Pikel.
Pikel is almost dead.
Pikel hits you with a whip of flaming.
* * * LOW HITPOINT WARNING * * *
You hit Pikel but do no damage.
Pikel is almost dead.
Pikel zaps a wand.
The bolt of lightning hits you!
You die...

.##........####..### .##.^......#
#.## .##........# #.#
.##......÷.# #.#
.##........####.#####
<..........##.......#
.#.........##.#.###.#
.#.#.##..#.##.#.###.#
.....##..#<##.#.@##.#
.#.......#.##.##K##.############
.#....##.#.##.##p......##......##
............#...>...##.##.####...
##...............#...#.##.####...
.>[.#...########.#.....##.##....♣
#######.## #.#...#.##........ #
#...# #.##.##.##..#.#..P # #...#
#....)...........♣


You could see Pikel and a slave.

Vanquished Creatures
  Grinder (D:3)
  An ogre (D:2)
  An orc wizard (D:3)
  Ijyb (D:3)
  Jessica (D:2)
  Terence (D:3)
  A worker ant (D:4)
  7 adders
  4 gnolls
  An ooze (D:3)
  2 dart slugs
  3 leopard geckos
  5 orcs (D:3)
  2 ball pythons
  3 giant cockroaches
  8 hobgoblins
  3 jackals (D:1)
  2 quokkas
  8 bats
  2 frilled lizards
  6 goblins
  5 kobolds
  16 rats
84 creatures vanquished.

Notes
Turn   | Place    | Note
-------+----------+-------------------------------------------
     0 | Abyss:1  | Gargoyl the Ghoul Abyssal Knight began the quest for the Orb.
     0 | Abyss:1  | Reached XP level 1. HP: 19/19 MP: 1/1
    77 | Abyss:1  | Noticed a starcursed mass
    78 | D:1      | Escaped the Abyss
   247 | D:1      | Reached * piety under Lugonu
   247 | D:1      | Reached skill level 1 in Dodging
   286 | D:1      | Reached XP level 2. HP: 26/26 MP: 2/2
   864 | D:1      | Reached XP level 3. HP: 33/33 MP: 3/3
  1069 | D:1      | HP: 1/33 [gnoll/spear (3)]
  1311 | D:2      | Reached XP level 4. HP: 30/40 MP: 4/4
  1410 | D:2      | Found a hide-covered altar of Uskayaw.
  1411 | D:2      | Noticed a dagger
  1412 | D:2      | Noticed a dagger
  1515 | D:2      | Noticed Jessica
  1529 | D:2      | Killed Jessica
  1623 | D:2      | Reached XP level 5. HP: 37/46 MP: 6/6
  1634 | D:2      | Reached skill level 1 in Maces & Flails
  1981 | D:2      | Reached ** piety under Lugonu
  2182 | D:3      | Noticed an ogre
  2197 | D:2      | Killed an ogre
  2197 | D:2      | Reached XP level 6. HP: 31/52 MP: 7/7
  2262 | D:3      | Noticed Grinder
  2308 | D:3      | Killed Grinder
  2308 | D:3      | Reached XP level 7. HP: 41/60 MP: 8/8
  2372 | D:3      | Noticed Ijyb
  2394 | D:3      | Killed Ijyb
  2693 | D:3      | Noticed Terence
  2710 | D:3      | Killed Terence
  3015 | D:4      | Noticed Pikel
  3083 | D:3      | Killed from afar by Pikel

Skill      XL: |  1  2  3  4  5  6  7 |
---------------+----------------------+-----
Dodging        | 1 2 |  2.3
Armour         | 2 3 |  3.3
Axes           | 2 |  2.3
Invocations    | 3 4 |  4.1
Maces & Flails | 2 3 |  3.3
Fighting       | 4 |  4.8
Shields        | |  0.8

Action                   |  1- 3 |  4- 6 |  7- 9 || total
-------------------------+-------+-------+-------++-------
Melee: Hand axe          |    51 |       |       ||    51
       Whip              |    27 |    97 |   117 ||   241
Invok: Depart the Abyss  |     1 |       |       ||     1
  Use: Scroll            |     4 |     2 |     4 ||    10
       Potion            |       |       |     8 ||     8
  Eat: Chunk             |    10 |    15 |    14 ||    39
Armor: Leather armour    |    43 |    26 |    31 ||   100
       Scale mail        |       |       |    12 ||    12
Dodge: Dodged            |    65 |    59 |    34 ||   158
Block: Large shield      |       |       |    62 ||    62
